 Dungeon Crawl Stone Soup version 0.19-a0-1068-g99dd0f4 (webtiles) character file.

17 Charly the Sneak (level 2, -14/13 HPs)
             Began as a Spriggan Enchanter on Aug 4, 2016.
             Demolished by an ogre
             ... wielding a +0 giant spiked club
              (24 damage)
             ... on level 4 of the Dungeon.
             The game lasted 00:06:22 (431 turns).

Charly the Sneak (Spriggan Enchanter)                Turns: 431, Time: 00:06:23

Health: -14/13     AC:  3    Str:  4    XL:     2   Next: 44%
Magic:  6/6        EV: 18    Int: 16    God:
Gold:   39         SH:  0    Dex: 16    Spells: 2 memorised, 3 levels left

rFire  . . .     SeeInvis +     a - +1 dagger
rCold  . . .     Gourm    .     b - +1 robe
rNeg   . . .     Faith    .     (shield restricted)
rPois  .         Spirit   .     (helmet restricted)
rElec  .         Dismiss  .     (no cloak)
rCorr  .         Reflect  .     (gloves unavailable)
SustAt .         Harm     .     (boots unavailable)
MR     .....                    (no amulet)
Stlth  +++.......               (no ring)
                                (no ring)

@: very quick
A: unfitting armour, see invisible, herbivore 3, speed 3, slow metabolism 2
a: no special abilities


You were on level 4 of the Dungeon.
You were not hungry.

You visited 1 branch of the dungeon, and saw 4 of its levels.

You collected 39 gold pieces.

Inventory:

Hand Weapons
 a - a +1 dagger (weapon)
 l - a +0 blowgun
Missiles
 k - 7 poisoned needles
Armour
 b - a +1 robe (worn)
Wands
 j - a wand of iceblast (3/15)
Scrolls
 e - 3 scrolls of identify {unknown}
 f - a scroll of remove curse {unknown}
Potions
 g - a potion of brilliance {unknown}
 h - a potion of degeneration {unknown}
 i - a potion of lignification {unknown}
 m - a potion of curing {unknown}
 n - a potion of haste {unknown}
Books
 c - a book of Maledictions

   Spells                             Type                      Level
   a - Corona                         Hexes                        1
   b - Ensorcelled Hibernation        Hexes/Ice                    2
   c - Confuse                        Hexes                        3
   d - Tukima's Dance                 Hexes                        3
   e - Dazzling Spray                 Conjuration/Hexes            3
Comestibles
 d - a bread ration


   Skills:
 - Level 1.1 Short Blades
 - Level 3.0 Dodging
 * Level 5.1 Stealth
 + Level 2.6 Spellcasting
 * Level 4.2 Hexes


You had 3 spell levels left.
You knew the following spells:

 Your Spells              Type           Power        Failure   Level  Hunger
a - Corona                Hex            ###....      4%          1    #......
h - Ensorcelled Hibernat  Hex/Ice        #.....       14%         2    ##.....


Dungeon Overview and Level Annotations

Branches:
Dungeon (4/15)
 Temple: D:4-7

Altars:

Annotations:
D:2 Sigmund


Innate Abilities, Weirdness & Mutations

You are tiny and cannot use many weapons and most armour.
You have supernaturally acute eyesight. (SInv)
You are a herbivore.
You cover ground extremely quickly.
You need consume almost no food.


Message History

Found a robe, a blowgun and a yellow potion.
Found a golden potion.
You see here 7 poisoned needles.
k - 7 poisoned needles You see here a robe.
You see here a blowgun.
l - a blowgun You see here a yellow potion.
m - a yellow potion You see here a golden potion.
n - a golden potion An ogre comes into view.
It is wielding a giant spiked club.
Found 7 gold pieces.
Found 28 arrows.
The helpless ogre fails to defend itself.
You impale the ogre!!
The ogre is severely wounded.
The ogre hits you with a giant spiked club!!
Ouch! That really hurt!
You die...

#..# .#.## #.....
###.## #..... ##.#
#..... ###.## ..$.# #
.#.## .... (# #.## #..
.. #.#### #.###.#
.....# #######.@O#
#.##.# #......####
#.##.## #.####.#
#.....# #.####.######
####..###.#...........
####....[...##.#######
.....####.####.#
###### #... ..#
########


You could see an ogre.

Vanquished Creatures
  An ooze (D:1)
  2 worms (D:3)
  A dart slug (D:3)
  A goblin (D:1)
  A ball python (D:1)
  A kobold (D:2)
7 creatures vanquished.

Notes
Turn   | Place    | Note
-------+----------+-------------------------------------------
     0 | D:1      | Charly the Spriggan Enchanter began the quest for the Orb.
     0 | D:1      | Reached XP level 1. HP: 9/9 MP: 5/5
   194 | D:2      | Noticed Sigmund
   248 | D:3      | Reached XP level 2. HP: 11/13 MP: 6/6
   258 | D:3      | Learned a level 2 spell: Ensorcelled Hibernation
   292 | D:3      | Reached skill level 5 in Stealth
   428 | D:4      | Noticed an ogre
   431 | D:4      | Demolished by an ogre

Vault maps used:
D:1:      scummos_arrival_star, serial_bayou, serial_bayou_lagoon_b,
          serial_bayou_crossing, serial_bayou_ford_a, serial_bayou_shore_a
D:2:      uniq_sigmund
D:3:      grunt_temple_overflow_open, first_bread, grunt_qazlal_clouds,
          uniq_crazy_yiuf_cottage
D:4:      uniq_eustachio

Skill      XL: |  1  2 |
---------------+-------+-----
Hexes          | 4 |  4.2
Stealth        | 5 |  5.1
Short Blades   | |  1.1
Dodging        | |  3.0
Spellcasting   | |  2.6

Action                   || total
-------------------------++-------
Melee: Dagger            ||    16
 Cast: Corona            ||     1
       Ensorcelled Hiber ||     5
 Stab: Sleeping          ||     6
Armor: Robe              ||     1
Dodge: Dodged            ||     9
